 Dungeon Crawl Stone Soup version bcrawl-1.39.2 (webtiles) character file.

Game seed: 17979356124323618742

6833869 zoran the Transmogrifier (level 18, -16/154 HPs)
             Began as a Demigod Transmuter on Oct 12, 2023.
             Killed from afar by an emperor scorpion (28 damage)
             ... with an exploding inner flame
             ... hexed by the player character
             ... on level 3 of the Spider Nest.
             The game lasted 02:04:16 (42215 turns).

zoran the Transmogrifier (Demigod Transmuter)      Turns: 42215, Time: 02:04:17

Health: -16/154    AC: 17    Str: 14      XL:     18   Next: 94%
Magic:  21/39      EV: 21    Int: 33 (35) God:    Demigod [******]
Gold:   513        SH:  0    Dex: 25 (26) Spells: 18/41 levels left

rFire    . . .     GDR:     40%   - Blade hands (34.6)
rCold    . . .     SeeInvis +   (shield currently unavailable)
rNeg     . . .     Gourm    .   Z - +6 acid dragon scales "Zanum" {rCorr Int+5}
rPois    +         Faith    .   U - +2 hat {MR+}
rElec    .         Spirit   .   V - +0 cloak "Xobuatz" {+Blink}
rCorr    +         Reflect  .   (gloves currently unavailable)
MR       ++...                  (no boots)
Stlth    ++++......             P - amulet of the acrobat
HPRegen  0.35/turn              y - ring of see invisible
MPRegen  0.26/turn              z - ring of poison resistance

@: brilliant, agile, blade hands
A: high mp 1
}: 1/15 runes: serpentine
a: End Transformation, Temporal Distortion, Growth, Major Destruction, Heroism,
Divine Shield, Smiting, Evoke Blink


You were on level 3 of the Spider Nest.
You worshipped Demigod.
Demigod was exalted by your worship.
You were not hungry.
You had blades for hands.
You visited 5 branches of the dungeon, and saw 25 of its levels.
You also visited: Sewer, Bailey, Ice Cave and Volcano.

You collected 4487 gold pieces.
You spent 3974 gold pieces at shops.

Inventory:

Hand Weapons
 p - a +0 blowgun (melded)
Missiles
 a - 2261 arrows
 c - 399 poisoned tomahawks
 d - a throwing net {=f}
 q - 344 poisoned needles
 D - 75 javelins (quivered)
 F - 54 curare-tipped needles
Armour
 w - a +0 pair of gloves (melded)
 T - a scarf of clouds
 U - a +2 hat of magic resistance (worn)
 V - the +0 cloak "Xobuatz" (worn) {+Blink}
   (You bought it in a shop in the Orcish Mines)

   It lets you blink.
 Z - the +6 acid dragon scales "Zanum" (worn) {rCorr Int+5}
   (You bought it in a shop on level 2 of the Snake Pit)

   It affects your intelligence (+5).
   It provides partial protection from all sources of acid and corrosion.
Jewellery
 y - a ring of see invisible (left scythe-like blade)
 z - a ring of poison resistance (right scythe-like blade)
 N - an uncursed ring of insulation
 O - an uncursed ring of protection from fire
 P - an amulet of the acrobat (around neck)
Wands
 f - a wand of iceblast (5)
 t - a wand of scattershot (4)
 u - a wand of polymorph (2)
 C - a wand of flame (24)
 R - a wand of acid (3)
 W - a wand of digging (17)
 Y - a wand of paralysis (5)
Scrolls
 m - 5 scrolls of vulnerability
 r - a scroll of fear
 s - 6 scrolls of teleportation
 v - 2 scrolls of immolation
 x - 2 scrolls of enchant armour
 K - 6 scrolls of fog
 M - 4 scrolls of remove curse
 S - 3 scrolls of summoning
 X - 6 scrolls of blinking
Potions
 g - 2 potions of cancellation
 h - 8 potions of curing
 j - 5 potions of might
 k - 4 potions of brilliance
 n - 7 potions of ambrosia
 o - 4 potions of heal wounds
 B - 2 potions of invisibility
 E - 3 potions of resistance
 G - 9 potions of flight
 H - 3 potions of haste
 I - 4 potions of agility
 J - a potion of lignification
 L - 6 potions of mutation
 Q - 3 potions of berserk rage
Miscellaneous
 l - a phantom mirror
 A - a lamp of fire (inert)
Comestibles
 e - 27 rations {!d}


   Skills:
 - Level 12.0 Fighting
 - Level 5.0 Throwing
 - Level 8.0 Armour
 - Level 5.0 Dodging
 - Level 5.0 Stealth
 - Level 12.0 Unarmed Combat
 - Level 12.0 Spellcasting
 - Level 5.0 Conjurations
 + Level 8.1 Hexes
 - Level 12.0 Transmutations
 + Level 8.1 Poison Magic
 - Level 10.0 Invocations
 - Level 10.0 Evocations


You had 18 spell levels left.
You knew the following spells:

 Your Spells              Type           Power        Failure   Level  Hunger
f - Tree Form             Hex/Tmut       N/A          1%          4    None
i - Irradiate             Conj/Tmut      #######...   3%          5    ##.....
q - Infestation           Hex/Tmut/Pois  #######..    6%          6    ####...
u - Blade Hands           Tmut           #######...   1%          5    ##.....
y - Sticks to Snakes      Tmut           #######.     1%          2    None
z - Beastly Appendage     Tmut           ######       1%          1    None

Your spell library contained the following spells:

 Spells                   Type           Power        Failure   Level  Hunger
 Corona                   Hex            #######      1%          1    None
 Magic Dart               Conj           ####         1%          1    None
 Slow                     Hex            #######.     1%          1    None
 Passwall                 Tmut/Erth      ######..     1%          2    None
 Searing Ray              Conj           ######..     1%          2    None
 Spider Form              Tmut/Pois      ###          1%          3    None
 Tukima's Dance           Hex            #######.     1%          3    None
 Shock                    Conj/Air       ######.      2%          2    None
 Iskenderun's Mystic Bla  Conj           ######..     2%          3    None
 Mephitic Cloud           Conj/Pois/Air  ######..     2%          3    None
 Fulminant Prism          Conj/Hex       ######....   2%          4    None
 Apportation              Tloc           #####.       3%          1    None
 Infusion                 Chrm           #####...     3%          1    None
 Sandblast                Erth           #####.       3%          1    None
 Static Discharge         Air            #####.       3%          1    None
 Summon Butterflies       Summ           #####...     3%          1    None
 Conjure Flame            Conj/Fire      ######..     3%          3    None
 Stone Arrow              Conj/Erth      ######       3%          3    None
 Ice Form                 Ice/Tmut       ######..     3%          4    None
 Petrify                  Tmut/Erth      ######....   3%          4    None
 Blink                    Tloc           N/A          4%          2    None
 Call Imp                 Summ           #####.       4%          2    None
 Swiftness                Chrm/Air       #####...     4%          2    None
 Beckoning                Tloc           #####.....   6%          3    None
 Call Canine Familiar     Summ           #####...     6%          3    None
 Lightning Bolt           Conj/Air       ######..     6%          4    None
 Metabolic Englaciation   Hex/Ice        ######....   9%          5    ##.....
 Summon Mana Viper        Hex/Summ       ######..     9%          5    ##.....
 Invisibility             Hex            #######.     9%          6    ####...
 Dragon Form              Tmut           #######      9%          7    ######.
 Summon Ice Beast         Ice/Summ       #####...     12%         4    None
 Statue Form              Tmut/Erth      ######...    14%         6    ####...
 Scorpion Form            Tmut/Pois      #######...   16%         7    ######.
 Lee's Rapid Deconstruct  Erth           #####.....   24%         5    ##.....
 Summon Lightning Spire   Summ/Air       #####...     24%         5    ##.....
 Discord                  Hex            #######...   26%         7    ######.
 Conjure Ball Lightning   Conj/Air       ######....   36%         6    ####...
 Mana Rupture             Conj/Hex       ######....   38%         7    ######.
 Deflect Missiles         Chrm/Air       #####.....   63%         6    ####...
 Summon Hydra             Summ           #####.....   63%         6    ####...
 Necromutation            Tmut/Necr      ######..     91%         8    #######
 Monstrous Menagerie      Summ           #####.....   96%         7    ######.
 Chain Lightning          Conj/Air       ######....   100%        8    #######


Dungeon Overview and Level Annotations

Branches:
Dungeon (12/12)            Temple (0/1) D:4            Lair (6/6) D:8
  Snake (3/3) Lair:4       Spider (3/3) Lair:4        Slime (0/5) Orc
    Orc (1/1) D:9          Vaults (0/3) D:12         Forest (0/3) Lair:6
 Depths (0/5) D:12

Shops:
D:6 =   D:8 ?   D:10 }   Orc :?[?   Snake:2 %[

Portals:
Pandemonium: Orc

Annotations:
Lair:1 exclusion: hydra
Lair:6 1 runed translucent door, zoran's ghost, journeyman DsCK
Spider:2 exclusion: orange crystal statue
Spider:3 exclusion: 3 orange crystal statues


Innate Abilities, Weirdness & Mutations

You have an increased reservoir of magic. (+10% MP)


Message History

The fiery explosion engulfs the emperor scorpion!!
The fiery explosion engulfs you!!
The fiery explosion engulfs the jumping spider!!!
The jumping spider explodes!
The fiery explosion engulfs the emperor scorpion!
The fiery explosion engulfs the redback!!
The redback explodes!
The fiery explosion engulfs your adder!!
Your adder explodes!
The fiery explosion engulfs you!
* * * LOW HITPOINT WARNING * * *
The fiery explosion engulfs the emperor scorpion!
The fiery explosion engulfs you!!
* * * LOW HITPOINT WARNING * * *
You hear a splash.
The fiery explosion engulfs the emperor scorpion!!
The emperor scorpion explodes!
The fiery explosion engulfs you!!
You die...
Your divinity fades.

#
####.^......^.############
###......### # ##....##
##.†## #≈..%# #^#.†#
##%.## #....# ##§@##
#§§§§# ##§§## #.§§§ #§##§#
.. §s ... §§≈ ..%. .§§.
#^.# ≈#.^


You could see a wolf spider (inner flame).

Vanquished Creatures
  Gastronok (Lair:3)
  8 nagarajas
  A ghost moth (Spider:3)
  4 emperor scorpions
  Nessos (Lair:5)
  Snorg (Lair:5)
  5 entropy weavers
  2 spark wasps
  An ettin (D:12)
  A fire dragon (D:12)
  A rakshasa (Snake:1)
  4 vault guards
  6 naga warriors
  8 hydras
  2 death knights (D:12)
  3 catoblepae (Lair:6)
  Sonja (D:10)
  13 anacondas
  9 two-headed ogres
  6 death yaks (Lair:6)
  2 ogre magi
  7 shock serpents
  3 naga sharpshooters (Snake:3)
  7 orc high priests (Orc)
  A sun demon (Orc)
  A fire crab (D:12)
  A soul eater (Orc)
  A hell knight (Volcano)
  4 centaur warriors
  An unseen horror (D:11)
  A skeletal warrior (D:12)
  2 gelid demonspawn (Orc)
  2 flayed ghosts
  A salamander mystic (Snake:3)
  2 cyclopes
  A lindwurm (Lair:6)
  3 wolf spider zombies
  9 naga ritualists
  2 wizards (D:12)
  An infernal demonspawn (Orc)
  23 wolf spiders
  A necromancer (D:12)
  A deep elf archer (D:12)
  9 orb spiders
  A harpy (shapeshifter) (D:12)
  5 manticores
  6 orc knights
  2 deep elf magi (D:12)
  5 orc sorcerers
  4 mana vipers (Snake:3)
  3 ugly things (D:11)
  12 elephants
  7 salamanders
  14 guardian serpents
  3 moths of wrath
  2 torpor snails
  27 black mambas
  A gargoyle (D:10)
  A cane toad (shapeshifter) (D:11)
  2 cane toads
  18 naga magi
  2 molten gargoyles (Volcano)
  An orange demon (Orc)
  A kobold demonologist (D:12)
  23 jumping spiders
  An eye of draining (D:9)
  6 demonic crawlers
  A komodo dragon (Lair:2)
  3 rime drakes
  2 yaktaurs
  A meliai (Spider:1)
  A freezing wraith (D:12)
  6 trolls
  2 wandering mushrooms (Spider:1)
  A tengu conjurer (D:9)
  2 polar bears
  A queen bee (shapeshifter) (D:11)
  6 hornets
  A slime creature (D:12)
  5 harpy skeletons
  2 meliai zombies (D:11)
  5 blink frogs
  6 dream sheep (Lair:5)
  10 hippogriffs
  A shadow (D:10)
  2 spriggans (Lair:2)
  A spriggan (shapeshifter) (D:12)
  5 wraiths
  43 yaks
  24 tarantellas
  A fire bat (Volcano)
  5 basilisks
  6 wyverns
  2 hungry ghosts
  Eustachio (D:6)
  7 vampire mosquitoes
  31 redbacks
  29 nagas
  11 crocodiles
  9 water moccasins
  Duvessa (D:4)
  5 porcupines
  A hornet zombie (D:9)
  A meliai simulacrum (D:12)
  41 orc warriors
  2 sky beasts
  2 black bears (Lair:2)
  12 ogres
  A phantom (D:6)
  5 necrophages (Lair:4)
  16 wolves
  A tengu (shapeshifter) (D:12)
  12 bullfrogs
  A gnoll sergeant (D:6)
  2 kobold brigands
  11 centaurs
  A wyvern skeleton (D:9)
  5 scorpions
  6 killer bees
  9 howler monkeys
  6 electric eels (D:8)
  26 orc priests
  7 lava snakes (Volcano)
  5 crimson imps
  2 bullfrog zombies
  A quasit (D:12)
  5 hounds
  4 jellies
  A bullfrog skeleton (D:8)
  10 orc wizards
  14 worker ants
  2 hound zombies
  2 hound skeletons (D:7)
  A worker ant zombie (D:8)
  10 gnolls
  A river rat (D:6)
  13 adders
  5 shadow imps
  12 white imps (Lair:1)
  8 oozes
  2 adder zombies (D:5)
  An adder skeleton (D:6)
  7 worms
  6 dart slugs
  8 leopard geckos
  100 orcs
  6 giant cockroaches
  10 goblins
  7 hobgoblins
  16 jackals
  3 quokkas
  6 bats
  4 frilled lizards
  2 jackal skeletons
  25 kobolds
  5 rats
1022 creatures vanquished.

Vanquished Creatures (collateral kills)
  An entropy weaver (Spider:3)
  Harold (Lair:5)
  2 anacondas (Snake:3)
  A naga warrior (Snake:2)
  A hydra (Lair:1)
  A naga sharpshooter (Snake:3)
  An infernal demonspawn (Orc)
  3 wolf spiders
  A guardian serpent (Snake:3)
  3 black mambas
  2 jumping spiders
  A demonic crawler (Spider:2)
  A freezing wraith (D:12)
  A troll (D:7)
  4 blink frogs
  A hippogriff (Lair:5)
  A wyvern (Lair:5)
  3 tarantellas
  2 yaks (D:8)
  2 redbacks (Spider:2)
  2 nagas (Snake:3)
  A crocodile (Sewer)
  2 porcupines
  A water moccasin (Lair:4)
  A bullfrog (D:5)
  Dowan (D:4)
  2 worker ants
  A worm (Lair:4)
  A ball python (D:6)
  A fungus (Lair:4)
46 creatures vanquished.

Vanquished Creatures (others)
  An emperor scorpion (Spider:3)
  An ogre mage (D:12)
  2 orc knights (Bailey)
  A jumping spider (Spider:3)
  A queen bee (D:12)
  3 meliai (D:12)
  2 yaks (D:8)
  A redback (Spider:3)
  2 centaurs (Volcano)
  13 killer bees (D:12)
  8 orcs (Bailey)
  8 fungi
  12 plants
55 creatures vanquished.

Grand Total: 1123 creatures vanquished

Notes
Turn   | Place    | Note
-------+----------+-------------------------------------------
     0 | D:1      | zoran the Demigod Transmuter began the quest for the Orb.
     0 | D:1      | Reached XP level 1. HP: 15/15 MP: 5/5
    69 | D:1      | Reached skill level 1 in Fighting
   177 | D:1      | Reached XP level 2. HP: 23/23 MP: 4/7
   328 | D:1      | Reached skill level 1 in Stealth
   395 | D:1      | Learned a level 2 spell: Sticks to Snakes
   580 | D:1      | Reached XP level 3. HP: 28/28 MP: 6/8
   738 | D:1      | Reached * piety under Demigod
  1150 | D:2      | Reached XP level 4. HP: 31/35 MP: 7/9
  1375 | D:2      | Found a shadowy altar of Dithmenos.
  1886 | D:3      | Found a snail-covered altar of Cheibriados.
  1893 | D:3      | Found an opulent altar of Gozag.
  2066 | D:3      | Reached ** piety under Demigod
  2147 | D:3      | Reached XP level 5. HP: 35/41 MP: 10/10
  2840 | D:4      | Reached XP level 6. HP: 46/48 MP: 11/11
  2853 | D:4      | Reached skill level 5 in Transmutations
  2998 | D:4      | Noticed Dowan
  3000 | D:4      | Noticed Duvessa
  3016 | D:4      | Killed Dowan
  3021 | D:4      | Killed Duvessa
  3022 | D:4      | Reached XP level 7. HP: 35/57 MP: 7/13
  3243 | D:4      | Found a staircase to the Ecumenical Temple.
  3359 | D:4      | Reached *** piety under Demigod
  3576 | D:4      | Reached skill level 1 in Invocations
  3886 | D:4      | Reached skill level 1 in Evocations
  4204 | D:5      | Entered Level 5 of the Dungeon
  4443 | D:5      | Found a glowing golden altar of the Shining One.
  4443 | D:5      | Found an ornate altar of the Wu Jian Council.
  4457 | D:5      | Found a shimmering altar of Xom.
  4972 | D:6      | Found a glowing drain.
  5000 | D:6      | Reached XP level 8. HP: 62/66 MP: 12/14
  5009 | Sewer    | Entered a sewer
  5090 | Sewer    | Reached skill level 5 in Unarmed Combat
  5284 | D:6      | Found Bitt's Jewellery Emporium.
  5333 | D:6      | Found a sacrificial altar of Ru.
  5535 | D:6      | Noticed Eustachio
  5538 | D:6      | Reached skill level 5 in Fighting
  5551 | D:6      | Reached skill level 5 in Invocations
  5569 | D:6      | Killed Eustachio
  5676 | D:6      | Found a shimmering blue altar of Sif Muna.
  5897 | D:7      | Reached skill level 5 in Evocations
  5897 | D:7      | Reached XP level 9. HP: 74/74 MP: 12/16
  5946 | D:7      | Reached skill level 1 in Armour
  6189 | D:7      | Found a corrupted altar of Lugonu.
  6295 | D:7      | Reached **** piety under Demigod
  6396 | D:7      | Noticed a troll
  6408 | D:7      | Killed a troll
  7043 | D:7      | Reached skill level 5 in Spellcasting
  8196 | D:7      | Reached XP level 10. HP: 16/83 MP: 21/21
  8347 | D:8      | Found Lythrir's Magic Scroll Boutique.
  8362 | D:8      | Bought a scroll of identify for 28 gold pieces
  8362 | D:8      | Bought a scroll of fog for 28 gold pieces
  8362 | D:8      | Bought a scroll of identify for 28 gold pieces
  8362 | D:8      | Bought a scroll of identify for 28 gold pieces
  8362 | D:8      | Bought a scroll of remove curse for 42 gold pieces
  8362 | D:8      | Bought a scroll of amnesia for 49 gold pieces
  9640 | D:8      | Found a basalt altar of Yredelemnul.
  9690 | D:8      | Found a hide-covered altar of Uskayaw.
  9690 | D:8      | Found a bloodstained altar of Trog.
  9690 | D:8      | Found a glowing silver altar of Zin.
  9983 | D:8      | Found a staircase to the Lair.
 10099 | Lair:1   | Entered Level 1 of the Lair of Beasts
 10212 | Lair:1   | Found a frozen archway.
 10226 | Lair:1   | Reached ***** piety under Demigod
 10360 | IceCv    | Entered an ice cave
 10461 | Lair:1   | Noticed a five-headed hydra
 10678 | Lair:1   | Noticed a five-headed hydra
 10708 | Lair:1   | Killed a five-headed hydra
 11053 | Lair:1   | Reached XP level 11. HP: 41/94 MP: 20/22
 11550 | Lair:2   | Reached skill level 5 in Throwing
 12017 | Lair:2   | Noticed a seven-headed hydra
 12225 | Lair:2   | Killed a seven-headed hydra
 12226 | Lair:2   | Reached skill level 5 in Armour
 12226 | Lair:2   | Reached skill level 5 in Dodging
 12903 | Lair:3   | Noticed a five-headed hydra
 12989 | Lair:3   | Killed a five-headed hydra
 13464 | Lair:3   | Noticed Gastronok
 13487 | Lair:3   | Killed Gastronok
 13488 | Lair:3   | Reached XP level 12. HP: 72/103 MP: 21/23
 13757 | Lair:3   | Noticed an eight-headed hydra
 13771 | Lair:3   | Killed an eight-headed hydra
 14317 | Lair:4   | Reached skill level 5 in Stealth
 14384 | Lair:4   | Found a hole to the Spider Nest.
 14425 | Lair:4   | Noticed a five-headed hydra
 14570 | Lair:4   | Killed a five-headed hydra
 15107 | Lair:4   | Found a staircase to the Snake Pit.
 15631 | Lair:5   | Noticed Snorg
 15638 | Lair:5   | Noticed Nessos
 15664 | Lair:5   | Killed Nessos
 15665 | Lair:5   | Reached skill level 10 in Fighting
 15665 | Lair:5   | Reached skill level 10 in Unarmed Combat
 15665 | Lair:5   | Noticed an eight-headed hydra
 15818 | Lair:5   | Killed an eight-headed hydra
 15827 | Lair:5   | Noticed a five-headed hydra
 15836 | Lair:5   | Killed a five-headed hydra
 15837 | Lair:5   | Reached XP level 13. HP: 113/113 MP: 24/24
 15929 | Lair:5   | Noticed Harold
 16080 | Lair:5   | Killed Harold
 16105 | Lair:5   | Found a dark tunnel.
 16217 | Volcano  | Entered a volcano
 16634 | Volcano  | Found a radiant altar of Vehumet.
 16724 | Volcano  | Learned a level 5 spell: Blade Hands
 16731 | Volcano  | Reached skill level 10 in Transmutations
 17294 | Lair:5   | Killed Snorg
 18011 | Lair:6   | Entered Level 6 of the Lair of Beasts
 18040 | Lair:6   | Reached ****** piety under Demigod
 18418 | Lair:6   | Found a runed translucent door.
 18425 | Lair:6   | Identified the +8 trident "Tormentor" {pierce, +Rage}
 18426 | Lair:6   | Noticed zoran's ghost (journeyman DsCK)
 18437 | Lair:6   | Found a staircase to the Spriggan Forest.
 19430 | Lair:6   | Reached XP level 14. HP: 111/121 MP: 23/30
 20055 | D:8      | Learned a level 4 spell: Tree Form
 20523 | D:9      | Found a roughly hewn altar of Beogh.
 20523 | D:9      | Found a staircase to the Orcish Mines.
 21287 | D:9      | Found a blossoming altar of Fedhas.
 21290 | D:9      | Found an ancient bone altar of Kikubaaqudgha.
 21429 | D:10     | Entered Level 10 of the Dungeon
 21894 | D:10     | Found Orgheocvui's Gadget Boutique.
 21910 | D:10     | Noticed Sonja
 21932 | D:10     | Killed Sonja
 21992 | D:10     | Bought a wand of paralysis (9) for 150 gold pieces
 21992 | D:10     | Bought a wand of iceblast (9) for 225 gold pieces
 21992 | D:10     | Bought a wand of clouds (5) for 270 gold pieces
 21992 | D:10     | Bought a lamp of fire for 600 gold pieces
 21992 | D:10     | Bought a wand of acid (3) for 120 gold pieces
 21992 | D:10     | Bought a wand of digging (11) for 360 gold pieces
 22754 | D:11     | Found a flagged portal.
 22763 | Bailey   | Entered a bailey
 23215 | D:11     | Got a scorched spear
 23325 | D:11     | Reached skill level 10 in Spellcasting
 24732 | D:12     | Entered Level 12 of the Dungeon
 24940 | D:12     | Identified a scroll of acquirement
 24945 | D:12     | Identified Oneorhet's Handbook of Flamy Transmigration (You
                  | acquired it on level 12 of the Dungeon)
 25736 | Orc      | Entered the Orcish Mines
 25753 | Orc      | Reached XP level 15. HP: 81/128 MP: 28/33
 26121 | Orc      | Found a viscous altar of Jiyva.
 26123 | Orc      | Found a staircase to the Slime Pits.
 26673 | Orc      | Found Ruchun Icze's Magic Scroll Emporium.
 26760 | Orc      | Found Ampyxtabe's Magic Scroll Shoppe.
 26878 | Orc      | Bought a scroll of blinking for 90 gold pieces
 26878 | Orc      | Bought 3 scrolls of identify for 72 gold pieces
 26878 | Orc      | Bought a scroll of acquirement for 624 gold pieces
 26878 | Orc      | Bought a scroll of immolation for 42 gold pieces
 28029 | Orc      | Found Eptymev's Book Shop.
 28029 | Orc      | Found Qatobesch's Antique Armour Boutique.
 28029 | Orc      | Found a one-way gate leading to the halls of Pandemonium.
 28197 | Orc      | Bought a brightly glowing cloak for 256 gold pieces
 28207 | Orc      | Identified the +0 cloak "Xobuatz" {+Blink} (You bought it
                  | in a shop in the Orcish Mines)
 28692 | D:12     | Found a staircase to the Depths.
 28762 | D:12     | Learned a level 6 spell: Infestation
 29489 | D:12     | Reached skill level 1 in Poison Magic
 29562 | D:12     | HP: 5/129 [ettin/+0 great mace (39)]
 30356 | D:12     | Found a gate to the Vaults.
 30999 | Snake:1  | Entered Level 1 of the Snake Pit
 31108 | Snake:1  | Reached XP level 16. HP: 99/137 MP: 31/35
 31364 | Snake:1  | Reached XP level 17. HP: 144/144 MP: 36/36
 32209 | Snake:2  | Reached skill level 1 in Hexes
 32469 | Snake:2  | Found Rudexiwn's Armour Emporium.
 32469 | Snake:2  | Found Kyon Lil's Food Shoppe.
 32975 | Snake:2  | Reached skill level 10 in Invocations
 33032 | Snake:2  | Bought the +6 acid dragon scales "Zanum" {rCorr Int+5} for
                  | 962 gold pieces
 33592 | Snake:3  | Entered Level 3 of the Snake Pit
 35532 | Snake:3  | Reached skill level 5 in Poison Magic
 36513 | Snake:3  | Reached XP level 18. HP: 112/154 MP: 36/38
 36735 | Snake:3  | Reached skill level 5 in Hexes
 36867 | Snake:3  | Learned a level 5 spell: Irradiate
 37563 | Snake:3  | Got a serpentine rune of Zot
 38047 | Spider:1 | Entered Level 1 of the Spider Nest
 38083 | Spider:1 | Reached skill level 10 in Evocations
 38098 | Spider:1 | Reached skill level 1 in Conjurations
 41186 | Spider:3 | Entered Level 3 of the Spider Nest
 41225 | Spider:3 | Reached skill level 5 in Conjurations
 42215 | Spider:3 | Killed from afar by an emperor scorpion

Skill      XL: |  1  2  3  4  5  6  7  8  9 10 11 12 13 14 15 16 17 18 |
---------------+-------------------------------------------------------+-----
Fighting       | 1 2 3 4 5 8 10 11 12 | 12.0
Transmutations | 2 3 4 5 6 8 11 12 | 12.0
Stealth        | 1 2 4 5 |  5.0
Dodging        | 2 3 5 |  5.0
Spellcasting   | 2 5 7 10 11 12 | 12.0
Unarmed Combat | 3 4 5 6 8 10 11 12 | 12.0
Invocations    | 2 5 7 9 10 | 10.0
Evocations     | 1 5 6 7 9 10 | 10.0
Armour         | 2 3 5 6 7 8 |  8.0
Throwing       | 3 5 |  5.0
Poison Magic   | 2 3 5 8 |  8.1
Hexes          | 4 8 |  8.1
Conjurations   | 5 |  5.0

Action                   |  1- 3 |  4- 6 |  7- 9 | 10-12 | 13-15 | 16-18 || total
-------------------------+-------+-------+-------+-------+-------+-------++-------
Melee: Unarmed           |   123 |   220 |   335 |   473 |  1202 |   908 ||  3261
       Kick              |    15 |    18 |    43 |   106 |    41 |     2 ||   225
       Punch             |     3 |     2 |    12 |    27 |    84 |    60 ||   188
       Headbutt          |     9 |    27 |    48 |    22 |       |       ||   106
 Fire: Blowgun           |       |       |    32 |     3 |    24 |   240 ||   299
Throw: Tomahawk          |       |       |    11 |    84 |   188 |     8 ||   291
       Javelin           |       |       |       |    66 |    19 |    74 ||   159
       Throwing net      |       |       |       |       |     4 |       ||     4
 Cast: Beastly Appendage |    24 |    36 |    47 |    65 |    16 |     2 ||   190
       Sticks to Snakes  |       |     4 |    19 |    34 |    22 |    52 ||   131
       Blade Hands       |       |       |       |       |    82 |    70 ||   152
       Tree Form         |       |       |       |       |     1 |       ||     1
       Infestation       |       |       |       |       |       |     3 ||     3
       Irradiate         |       |       |       |       |       |     1 ||     1
Invok: Major Destruction |       |       |       |     4 |       |       ||     4
       Heroism           |       |       |       |     7 |    11 |    18 ||    36
       Divine Shield     |       |       |       |       |       |     4 ||     4
       Smiting           |       |       |       |       |       |     5 ||     5
 Abil: Evoke Berserk Rag |       |       |       |     1 |     3 |     3 ||     7
       End Transformatio |       |       |       |       |     2 |     4 ||     6
       Evoke Blink       |       |       |       |       |     1 |     2 ||     3
Evoke: Wand              |       |     3 |    20 |    22 |    50 |    28 ||   123
       Lamp of fire      |       |       |       |       |     3 |     3 ||     6
       Phantom mirror    |       |       |       |       |     1 |       ||     1
  Use: Scroll            |     1 |     2 |     6 |    14 |    21 |     8 ||    52
       Potion            |       |       |     2 |     6 |     2 |    14 ||    24
 Stab: Sleeping          |     2 |     3 |       |     1 |     6 |     5 ||    17
       Distracted        |       |     1 |     1 |     7 |     2 |    12 ||    23
       Paralysed         |       |       |       |       |    17 |     4 ||    21
       Invisible         |       |       |       |       |     3 |       ||     3
       Held in net/web   |       |       |       |       |     2 |       ||     2
       Confused          |       |       |       |       |     2 |       ||     2
  Eat: Chunk             |     4 |    12 |    20 |    26 |    62 |    23 ||   147
       Ration            |       |       |     2 |     3 |     9 |    11 ||    25
Armor: Robe              |     3 |       |       |       |       |       ||     3
       Leather armour    |    22 |    34 |       |       |   206 |    24 ||   286
       Ring mail         |       |     7 |   111 |   122 |    15 |       ||   255
       Skin              |       |       |       |    74 |    13 |       ||    87
       Acid dragon scale |       |       |       |       |       |   322 ||   322
Dodge: Dodged            |    61 |   118 |   194 |   318 |   745 |   668 ||  2104
Block: Other             |       |       |       |       |       |    17 ||    17
